 Dungeon Crawl Stone Soup version 0.28-a0-751-gef3a642a4e (webtiles) character file.

Game seed: 17009451961608246388

26103 jbvkrfbj the Unseen (level 12, -2/62 HPs)
             Began as a Spriggan Enchanter on Oct 30, 2021.
             Was an Elder of Dithmenos.
             Killed from afar by Jorgrun (41 damage)
             ... with a blast of rock fragments
             ... on level 14 of the Dungeon.
             The game lasted 00:45:22 (21458 turns).

jbvkrfbj the Unseen (Spriggan Enchanter)           Turns: 21458, Time: 00:45:22

Health: -2/62      AC:  7    Str:  8    XL:     12   Next: 95%
Magic:  29/29      EV: 23    Int: 17    God:    Dithmenos [****..]
Gold:   756        SH:  5    Dex: 16    Spells: 27/36 levels left

rFire   . . .      SeeInvis +   a - +2 dagger
rCold   + . .      Faith    .   (shield restricted)
rNeg    . . .      Spirit   .   g - +2 robe {rC+}
rPois   +          Reflect  +   (helmet restricted)
rElec   .          Harm     .   h - +2 cloak
rCorr   +          Rampage  .   (gloves unavailable)
Will    ++...                   (boots unavailable)
Stlth   +++++++++.              C - amulet of reflection
HPRegen 0.20/turn               c - ring of poison resistance
MPRegen 0.21/turn               w - ring of resist corrosion

@: wreathed by umbra, very quick
A: very small, no large weapons, unfitting armour, see invisible, speed 3
a: Renounce Religion, Shadow Step


You were on level 14 of the Dungeon.
You worshipped Dithmenos.
Dithmenos was greatly pleased with you.
You visited 2 branches of the dungeon, and saw 15 of its levels.
You also visited: Ossuary.

You collected 1003 gold pieces.
You spent 247 gold pieces at shops.

Inventory:

Hand Weapons
 a - a +2 dagger (weapon)
 f - a +0 short sword of draining
 u - a +1 short sword of freezing
 v - a +0 dagger of holy wrath
 z - a +0 short sword of venom
Missiles
 e - 83 poisoned darts (quivered)
Armour
 g - a +2 robe of cold resistance (worn)
 h - a +2 cloak (worn)
 D - a scarf of resistance
Jewellery
 c - a ring of poison resistance (left hand)
 n - a ring of flight
 w - a ring of resist corrosion (right hand)
 C - an amulet of reflection (around neck)
Wands
 q - a wand of flame (5)
 G - a wand of polymorph (8)
 H - a wand of digging (3)
Scrolls
 i - 2 scrolls of amnesia
 m - a scroll of enchant weapon
 o - a scroll of blinking
 x - 3 scrolls of enchant armour
 B - 3 scrolls of teleportation
 E - 3 scrolls of identify
Potions
 d - 6 potions of flight
 j - 9 potions of curing
 k - 3 potions of resistance
 l - 4 potions of attraction
 p - 2 potions of magic
 r - 2 potions of ambrosia
 s - 2 potions of brilliance
 t - 3 potions of lignification
 A - a potion of cancellation
 F - a potion of might
Miscellaneous
 b - a box of beasts (inert)


   Skills:
 + Level 6.4 Fighting
 + Level 8.6 Short Blades
 + Level 10.4 Dodging
 + Level 15.6 Stealth
 + Level 12.7 Spellcasting
 + Level 13.0 Hexes


You had 27 spell levels left.
You knew the following spells:

 Your Spells              Type           Power      Damage    Failure   Level
a - Ensorcelled Hibernat  Hex/Ice        64%        N/A       1%          2
b - Tukima's Dance        Hex            53%        N/A       1%          3
c - Dazzling Flash        Conj/Hex       64%        N/A       1%          3
d - Animate Skeleton      Necr           20%        N/A       6%          1

Your spell library contained the following spells:

 Spells                   Type           Power      Damage    Failure   Level
 Slow                     Hex            100%       N/A       1%          1
 Confusing Touch          Hex            53%        N/A       1%          3
 Summon Guardian Golem    Hex/Summ       32%        N/A       1%          3
 Beastly Appendage        Tmut           20%        N/A       6%          1
 Pain                     Necr           40%        1d6       6%          1
 Shock                    Conj/Air       40%        1d5       6%          1
 Summon Small Mammal      Summ           40%        N/A       6%          1
 Wereblood                Tmut           10%        N/A       10%         2
 Metabolic Englaciation   Hex/Ice        16%        N/A       12%         5
 Silence                  Hex/Air        16%        N/A       12%         5
 Call Canine Familiar     Summ           10%        N/A       19%         3
 Ozocubu's Armour         Ice            10%        N/A       19%         3
 Spider Form              Tmut/Pois      5%         N/A       19%         3
 Swiftness                Air            10%        N/A       19%         3
 Vampiric Draining        Necr           5%         2d6       19%         3
 Airstrike                Air            5%         N/A       54%         4
 Agony                    Necr           10%        N/A       87%         5
 Simulacrum               Ice/Necr       5%         N/A       100%        6


Dungeon Overview and Level Annotations

Branches:
Dungeon (14/15)            Temple (1/1) D:5            Lair (0/6) D:8
    Orc (0/2) D:11        Ossuary (visited)
 Vaults: D:13-14

Altars:
Ashenzari
Cheibriados
Dithmenos
Gozag
Hepliaklqana
Kikubaaqudgha
Makhleb
Nemelex Xobeh
Okawaru
Qazlal
Ru
Sif Muna
Trog
Uskayaw
Vehumet
Wu Jian
Xom
Yredelemnul
Zin
The Shining One

Shops:
D:12 *!   D:13 =

Annotations:
D:7 2 transporters, 1994's ghost, novice OgTm
D:14 8 exclusions, Jorgrun


Innate Abilities, Weirdness & Mutations

You are very small and have problems with some larger weapons.
You are too small for most types of armour.
You have supernaturally acute eyesight. (SInv)
You cover ground extremely quickly. (Speed+++)


Message History

The grasping roots constrict you!!
* * * LOW HITPOINT WARNING * * *
You escape the roots' grasp.
Found a robe.
You feel better.
You feel better.
Unknown command.
Casting: Ensorcelled Hibernation (safe; 1% risk of failure)
Confirm with . or Enter, or press ? or * to list all spells.
Aiming: Tukima's Dance (safe; 1% risk of failure)
Press: ? - help, Shift-Dir - straight line, f - deep elf pyromancer
Aim: a deep elf pyromancer, wielding a +0 long sword (umbra, chance to affect: 57%)
The deep elf pyromancer resists with significant effort.
Unknown command.
A deep elf pyromancer comes into view. It is wielding a +0 dagger.
You hear a grinding noise.
Blink to where?
Press: ? - help, Dir - move target, p - deep elf pyromancer A manticore comes into view.
As you read the scroll of blinking, it crumbles to dust.
You hear a grinding noise.
The helpless manticore fails to defend itself.
You skewer the manticore like a kebab!!!!
You kill the manticore!
Dithmenos accepts your kill.
Unknown command.
You hear a grinding noise.
You open the door.
There is an open door here.
Unknown command.
Unknown command.
Unknown command.
You open the door.
You hear a grinding noise.
There is an open door here.
You throw a poisoned dart.
The poisoned dart closely misses Jorgrun.
Jorgrun casts a spell at you.
The stone door frame shatters!
The blast of rock fragments hits you!!!
Ouch! That really hurt!
You die...

####### .......
....... .......
.......
.......#####
.......@.§§#
.......#.§§##
.......##§≈§##+###
....... #...'....#
###+###
###.####.## #.#
#..# #.###.######
#g........#
#####+##
#.†.......#


You could see Jorgrun (poisoned).

Vanquished Creatures
  A reaper (D:14)
  A boulder beetle (D:13)
  2 hydras
  Erolcha (D:13)
  7 centaur warriors
  A two-headed ogre (D:12)
  Urug (D:11)
  3 skeletal warriors (D:14)
  A deep elf pyromancer (D:14)
  4 cyclopes
  A manticore (D:14)
  4 gargoyles
  2 kobold demonologists (D:12)
  A komodo dragon (D:12)
  A troll (D:12)
  2 shadows (D:11)
  3 wraiths
  14 yaks
  A vampire (D:11)
  2 wyverns
  A human (shapeshifter) (D:13)
  A water moccasin (D:7)
  A meliai simulacrum (D:14)
  A hornet zombie (D:8)
  An orc warrior (D:8)
  2 ice beasts (D:8)
  3 necrophages
  2 sky beasts (D:7)
  2 ogres
  20 centaurs
  2 phantoms (D:11)
  5 kobold brigands
  A bullfrog (D:6)
  A gnoll sergeant (D:7)
  13 scorpions
  A water moccasin zombie (D:5)
  12 killer bees
  A troll zombie (D:11)
  7 wights
  2 howler monkeys
  3 bullfrog zombies (D:5)
  6 centaur zombies
  2 jellies
  Crazy Yiuf (D:2)
  2 human zombies
  4 orc priests
  3 centaur skeletons
  4 hounds
  2 bullfrog skeletons
  6 scorpion zombies (Ossuary)
  Natasha (thrice) (D:2)
  2 iguanas (D:5)
  9 orc wizards
  Terence (D:3)
  5 ogre zombies (D:11)
  2 hound skeletons
  A howler monkey zombie (D:8)
  5 mummies
  4 gnolls
  10 adders
  An ufetubus (D:6)
  An adder skeleton (D:4)
  A dart slug (D:1)
  19 orcs
  7 ball pythons
  8 endoplasms
  3 giant cockroaches
  2 gnoll zombies (Ossuary)
  3 goblins
  12 hobgoblins
  3 jackals (D:4)
  7 bats
  5 frilled lizards
  3 goblin zombies (Ossuary)
  A hobgoblin skeleton (D:11)
  6 hobgoblin zombies
  17 kobolds
  2 kobold zombies (Ossuary)
  An orc skeleton (D:11)
  14 orc zombies
  8 rats
331 creatures vanquished.

Vanquished Creatures (collateral kills)
  3 ogres
  A gnoll sergeant (D:11)
  6 wights
  A howler monkey (D:8)
  2 gnolls (D:11)
  3 orcs
  3 kobolds (D:11)
19 creatures vanquished.

Vanquished Creatures (others)
  8 dancing weapons
8 creatures vanquished.

Grand Total: 358 creatures vanquished

Notes
Turn   | Place    | Note
-------+----------+-------------------------------------------
     0 | D:1      | jbvkrfbj the Spriggan Enchanter began the quest for the
                  | Orb.
     0 | D:1      | Reached XP level 1. HP: 9/9 MP: 5/5
    56 | D:1      | Found a faded altar of an unknown god.
   454 | D:1      | Reached XP level 2. HP: 13/13 MP: 7/7
   457 | D:1      | Learned a level 2 spell: Ensorcelled Hibernation
  1368 | D:2      | Reached XP level 3. HP: 16/16 MP: 9/9
  1374 | D:2      | Learned a level 3 spell: Tukima's Dance
  1378 | D:2      | Learned a level 3 spell: Dazzling Flash
  1775 | D:2      | Reached XP level 4. HP: 2/21 MP: 6/11
  2049 | D:1      | Reached skill level 5 in Hexes
  2180 | D:2      | Found a runed translucent door.
  2181 | D:2      | Noticed Crazy Yiuf
  2197 | D:2      | Killed Crazy Yiuf
  2581 | D:2      | Noticed Natasha
  2594 | D:2      | Killed Natasha
  2595 | D:2      | Reached skill level 5 in Spellcasting
  2595 | D:2      | Reached XP level 5. HP: 22/24 MP: 3/13
  2817 | D:2      | Noticed Natasha
  2824 | D:2      | Killed Natasha
  2991 | D:2      | Noticed Natasha
  2995 | D:2      | Killed Natasha
  3154 | D:3      | Reached skill level 5 in Stealth
  3215 | D:3      | Noticed Terence
  3223 | D:3      | Killed Terence
  3748 | D:3      | Reached XP level 6. HP: 28/28 MP: 10/15
  4133 | D:4      | Found a sand-covered staircase.
  4184 | Ossuary  | Entered an ossuary
  4396 | Ossuary  | Reached skill level 6 in Stealth
  4646 | Ossuary  | Reached XP level 7. HP: 32/32 MP: 17/17
  4715 | Ossuary  | Reached skill level 7 in Stealth
  5049 | Ossuary  | Learned a level 1 spell: Animate Skeleton
  6357 | Ossuary  | Reached skill level 8 in Stealth
  6359 | Ossuary  | Reached XP level 8. HP: 36/36 MP: 15/20
  6716 | D:4      | Found an iron altar of Okawaru.
  7237 | D:4      | Found a radiant altar of Vehumet.
  7427 | D:5      | Entered Level 5 of the Dungeon
  7441 | D:4      | Reached skill level 9 in Stealth
  7775 | D:5      | Found a staircase to the Ecumenical Temple.
  7786 | Temple   | Entered the Ecumenical Temple
  7806 | Temple   | Became a worshipper of Dithmenos the Shadowed
  7927 | D:5      | Reached skill level 10 in Stealth
  8124 | D:5      | Reached XP level 9. HP: 39/39 MP: 14/22
  8472 | D:5      | Found an ancient bone altar of Kikubaaqudgha.
  8637 | D:5      | Reached skill level 1 in Fighting
  8827 | D:5      | Reached skill level 11 in Stealth
  8893 | D:5      | Reached * piety under Dithmenos
  9123 | D:5      | Found a stormy altar of Qazlal.
  9757 | D:6      | Reached skill level 10 in Hexes
  9836 | D:6      | Found a glowing silver altar of Zin.
 10130 | D:6      | Reached skill level 5 in Dodging
 10424 | D:7      | Reached XP level 10. HP: 47/47 MP: 24/24
 10915 | D:7      | Noticed 1994's ghost (novice OgTm)
 10969 | D:6      | Reached skill level 10 in Spellcasting
 11291 | D:7      | Found a transporter.
 11323 | D:7      | Found a transporter.
 11428 | D:7      | Reached skill level 12 in Stealth
 11687 | D:8      | Reached ** piety under Dithmenos
 12047 | D:8      | Found a staircase to the Lair.
 12614 | D:9      | Reached skill level 5 in Short Blades
 12903 | D:9      | Found a glowing golden altar of the Shining One.
 13577 | D:10     | Entered Level 10 of the Dungeon
 13610 | D:10     | Found a burning altar of Makhleb.
 13665 | D:10     | Reached *** piety under Dithmenos
 14486 | D:10     | Reached skill level 13 in Stealth
 14486 | D:10     | Reached XP level 11. HP: 42/53 MP: 26/26
 14690 | D:10     | Found a shimmering altar of Xom.
 14690 | D:10     | Found an opulent altar of Gozag.
 14698 | D:10     | Found a shimmering blue altar of Sif Muna.
 14701 | D:10     | Found a faded altar of an unknown god.
 14703 | D:10     | Found a faded altar of an unknown god.
 14880 | D:11     | Found a staircase to the Orcish Mines.
 15625 | D:11     | Noticed an eight-headed hydra
 15834 | D:11     | Killed an eight-headed hydra
 16836 | D:11     | Noticed a centaur warrior
 16846 | D:11     | Killed a centaur warrior
 17374 | D:11     | Noticed Urug
 17382 | D:11     | Killed Urug
 18002 | D:11     | Reached **** piety under Dithmenos
 18073 | D:12     | Noticed a two-headed ogre
 18079 | D:12     | Killed a two-headed ogre
 18080 | D:12     | Reached skill level 5 in Fighting
 18080 | D:12     | Reached skill level 14 in Stealth
 18562 | D:12     | Found Qedghuet's General Store.
 18748 | D:12     | Found Vumaisuit's Distillery.
 18756 | D:12     | Bought a potion of curing for 39 gold pieces
 18756 | D:12     | Bought 2 potions of curing for 78 gold pieces
 18756 | D:12     | Bought a potion of curing for 39 gold pieces
 18756 | D:12     | Bought a potion of curing for 39 gold pieces
 18756 | D:12     | Bought a potion of might for 52 gold pieces
 19250 | D:13     | Reached XP level 12. HP: 60/60 MP: 28/28
 19356 | D:13     | Noticed a boulder beetle
 19374 | D:13     | Killed a boulder beetle
 19628 | D:13     | Noticed Erolcha
 19631 | D:13     | Noticed a centaur warrior
 19645 | D:13     | Killed Erolcha
 20465 | D:14     | Noticed a seven-headed hydra
 20469 | D:14     | Killed a seven-headed hydra
 20481 | D:14     | Noticed a reaper
 20481 | D:14     | Found the +5 scythe "Finisher" {speed, eviscerate}
 20488 | D:14     | Killed a reaper
 20489 | D:14     | Reached skill level 15 in Stealth
 20499 | D:14     | Noticed a centaur warrior
 20501 | D:14     | Killed a centaur warrior
 20507 | D:14     | Noticed a centaur warrior
 20509 | D:14     | Killed a centaur warrior
 20527 | D:14     | Noticed Jorgrun
 20847 | D:13     | Killed a centaur warrior
 20848 | D:13     | Reached skill level 10 in Dodging
 20879 | D:13     | Found Reorrau's Jewellery Shoppe.
 21118 | D:13     | Noticed a centaur warrior
 21125 | D:13     | Killed a centaur warrior
 21187 | D:13     | Noticed a centaur warrior
 21196 | D:13     | Killed a centaur warrior
 21404 | D:14     | Noticed a centaur warrior
 21410 | D:14     | Killed a centaur warrior
 21458 | D:14     | Killed from afar by Jorgrun

Illustrated notes

Levels and vault maps discovered:
D:1:      minmay_arrival_four_houses, layout_loops_cross, basic_ecumenical_altar
D:2:      layout_rooms, uniq_crazy_yiuf_cottage, uniq_natasha
D:3:      layout_basic, uniq_terence
D:4:      layout_basic, vehumet_altar_wand_db, mainiacjoe_overflow_24_doors,
          nicolae_ossuary_entry_plus, nrook_loot_triangle
D:5:      layout_rooms, lemuel_mausoleum_altar_kikubaaqudgha,
          lemuel_round_altar, minmay_temple_entry_ruins, minivault_24
D:6:      layout_basic, zin_academy, hangedman_glass_teeth,
          chequers_decorated_corner, grunt_ministairs_2
D:7:      layout_loops_ring, gammafunk_ghost_hive
D:8:      layout_loops_ring, lair_entry_dummy, st_stairs_3
D:9:      layout_roguey, nicolae_tso_swordbearing_angel
D:10:     layout_big_octagon, mainiacjoe_overflow_small_starburst,
          chequers_temple_overflow_minitemple
D:11:     layout_small_grid, zombieorc1_lemuel, uniq_urug
D:12:     layout_long_grid, serial_shops, nicolae_take_the_stairs, shop
D:13:     layout_basic, serial_shops, nicolae_shop_statue_plus, uniq_erolcha
D:14:     layout_roguey, skrybe_vaults_entry_preservation,
          gammafunk_ghost_wrathful_warriors, kennysheep_nondescript,
          minmay_guarded_unrand_finisher, uniq_jorgrun
Temple:   nicolae_temple_x_marks_the_god

Skill      XL: |  1  2  3  4  5  6  7  8  9 10 11 12 |
---------------+-------------------------------------+-----
Spellcasting   | 3 4 5 6 7 8 9 10 11 12 | 12.7
Hexes          | 4 5 6 7 9 10 11 12 13 | 13.0
Stealth        | 5 6 8 10 11 13 14 15 | 15.6
Dodging        | 5 6 8 10 | 10.4
Fighting       | 2 4 5 6 |  6.4
Short Blades   | 3 5 7 8 |  8.6

Action                   |  1- 3 |  4- 6 |  7- 9 | 10-12 || total
-------------------------+-------+-------+-------+-------++-------
Melee: Dagger            |   103 |   192 |   459 |   735 ||  1489
       Short sword       |       |       |    25 |   151 ||   176
Throw: Dart              |       |       |       |    12 ||    12
 Cast: Ensorcelled Hiber |    20 |    32 |    55 |    89 ||   196
       Tukima's Dance    |       |     1 |    11 |    33 ||    45
       Dazzling Flash    |       |       |     1 |     9 ||    10
       Animate Skeleton  |       |       |       |     1 ||     1
Invok: Shadow Step       |       |       |       |     1 ||     1
Evoke: Wand              |       |       |    29 |    42 ||    71
       Box of beasts     |       |       |       |     1 ||     1
  Use: Scroll            |     2 |     6 |    11 |     5 ||    24
       Potion            |       |     1 |     1 |     7 ||     9
 Stab: Sleeping          |    17 |    33 |    53 |   101 ||   204
       Invisible         |       |     5 |     1 |     4 ||    10
       Distracted        |       |       |     1 |     7 ||     8
       Paralysed         |       |       |       |     2 ||     2
Armor: Robe              |     6 |    39 |    96 |   112 ||   253
Dodge: Dodged            |    92 |   189 |   366 |   786 ||  1433
Block: Other             |       |       |       |    16 ||    16
       Reflection        |       |       |       |     3 ||     3

Table legend: (Time is in decaauts)
 A = Elapsed time spent in this place.
 B = Non-inter-level travel time spent in this place.
 C = Inter-level travel time spent in this place.
 D = Time resting spent in this place.
 E = Time spent auto-exploring this place.
 F = Levels seen in this place.
 G = Mean time per level.
                   A        B        C        D        E       F      G
               +--------+--------+--------+--------+--------+-----+--------+
         Total |  17641 |  17333 |    308 |   5516 |   8085 |  16 | 1102.6 |
       Dungeon |  15503 |  15200 |    303 |   3955 |   8044 |  14 | 1107.4 |
        Temple |     43 |     39 |      4 |     21 |      5 |   1 |   43.0 |
       Ossuary |   2094 |   2094 |      0 |   1540 |     35 |   1 | 2094.0 |
               +--------+--------+--------+--------+--------+-----+--------+

Top non-repeatable levels by time:
    D:11: 2748 daAuts
 Ossuary: 2094 daAuts
     D:1: 1410 daAuts
    D:12: 1395 daAuts
     D:2: 1237 daAuts
     D:5: 1210 daAuts
    D:13: 1115 daAuts
     D:6: 1099 daAuts
     D:9: 1076 daAuts
     D:4: 1046 daAuts
    D:10: 814 daAuts
     D:7: 727 daAuts
     D:8: 723 daAuts
     D:3: 673 daAuts
    D:14: 224 daAuts
